 Dungeon Crawl Stone Soup version 0.27.1-37-g7b29ead8ac (console) character file.

Game seed: 510089274372283323

78 grimtooth the Sneak (level 4, -1/24 HPs)
             Began as a Kobold Enchanter on July 3, 2023.
             Killed from afar by Natasha (10 damage)
             ... with a magic dart
             ... on level 2 of the Dungeon.
             The game lasted 00:06:52 (2002 turns).

grimtooth the Sneak (Kobold Enchanter)              Turns: 2002, Time: 00:06:54

Health: -1/24      AC:  5    Str:  5    XL:     4   Next: 61%
Magic:  0/7        EV: 15    Int: 17    God:
Gold:   68         SH:  5    Dex: 15    Spells: 1/7 levels left

rFire    . . .     SeeInvis .   a - +1 dagger
rCold    . . .     Faith    .   (shield restricted)
rNeg     . . .     Spirit   .   h - +1 robe {Archmagi}
rPois    .         Reflect  +   (no helmet)
rElec    .         Harm     .   g - +0 cloak
rCorr    .         Rampage  .   i - +0 pair of gloves
Will     .....     Archmagi +   (no boots)
Stlth    ++++......             f - amulet of reflection
HPRegen  0.08/turn              (no ring)
MPRegen  0.10/turn              (no ring)

@: slowed, very slow
A: small, no large weapons, nightstalker 3
a: no special abilities


You were on level 2 of the Dungeon.
You visited 1 branch of the dungeon, and saw 2 of its levels.

You collected 68 gold pieces.

Inventory:

Hand Weapons
 a - a +1 dagger (weapon)
Missiles
 d - 73 stones (quivered)
 j - 42 sling bullets
Armour
 g - a +0 cloak (worn)
 h - a +1 robe of the Archmagi (worn)
 i - a +0 pair of gloves (worn)
Jewellery
 f - an amulet of reflection (around neck)


   Skills:
 - Level 1.3 Short Blades
 - Level 2.4 Dodging
 + Level 5.2 Stealth
 - Level 2.1 Spellcasting
 * Level 4.4 Hexes


You had one spell level left.
You knew the following spells:

 Your Spells              Type           Power      Damage    Failure   Level
a - Corona                Hex            27%        N/A       3%          1
b - Ensorcelled Hibernat  Hex/Ice        28%        N/A       12%         2
z - Confusing Touch       Hex            25%        N/A       9%          3

Your spell library contained the following spells:

 Spells                   Type           Power      Damage    Failure   Level
 Tukima's Dance           Hex            25%        N/A       9%          3
 Dazzling Flash           Conj/Hex       28%        N/A       22%         3


Dungeon Overview and Level Annotations

Branches:
Dungeon (2/15)

Altars:

Annotations:
D:2 Natasha


Innate Abilities, Weirdness & Mutations

You are small and have problems with some larger weapons.
You are completely attuned to the shadows.


Message History

Your magical effects are unravelling.
You feel magically purged.
Your magical contamination has completely faded away.
You feel yourself speed up.
You flicker back into view.
The crimson imp hits you but does no damage.
Natasha misses you. The crimson imp barely misses you.
You block Natasha's attack.
You completely miss Natasha.
Natasha is heavily wounded.
The crimson imp barely misses you. Natasha barely misses you.
Enter note: - dammit
As you read the scroll labelled ESUGHE XIFUUKK, it crumbles to dust.
You speak a Word of immense power!
The crimson imp convulses!
You kill the crimson imp!
The crimson imp disappears in a puff of smoke!
It was a scroll of holy word.
Natasha barely misses you.
Blink to where?
Press: ? - help, Dir - move target, p - Natasha
As you read the scroll labelled IKATZIE DEEMI, it crumbles to dust.
It was a scroll of blinking.
Press: ? - help, v - describe, . - travel
Here: Natasha (translocational energy, heavily wounded)
The floor, spattered with blood.
As you read the scroll labelled LEAZIURIU, it crumbles to dust.
You hear a loud clanging noise!
It was a scroll of noise.
You hear a shout!
Natasha stares at you and mumbles some strange words.
You feel yourself slow down.
As you read the scroll labelled QOHUSO WACZERR, it crumbles to dust.
The scroll dissolves into smoke.
It was a scroll of fog.
Casting: Ensorcelled Hibernation (safe; 12% risk of failure)
Confirm with . or Enter, or press ? or * to list all spells.
Aiming: Corona (safe; 3% risk of failure)
Press: ? - help, Shift-Dir - straight line, f - Natasha
Aim: Natasha (grey smoke, heavily wounded, chance to affect: 65%)
You feel a surge of power!
Natasha is outlined in light.
Natasha stares at you and mumbles some strange words.
The magic dart hits you!
You die...

#.# #.# #.#
#.# ##### #.#
.##...## #.#
....#..## #.#
### #..##.##.#
#.# ...
#§§#.♣.#.###.#
g##
#§§##.##.....#
#@#..#..######
## #h#....##
.. #§#...## #.
###§#.#### #.
#...§#....
#.#.#.#####
#.#.#.h.).# #
#....§#.#
#####.#.#
....# .....#


You could see Natasha (corona).

Vanquished Creatures
  Natasha (D:2)
  An adder (D:2)
  A worm (D:2)
  5 endoplasms
  5 goblins
  4 hobgoblins
  3 jackals (D:2)
  2 quokkas
  5 ball pythons
  5 frilled lizards
  5 kobolds
  A rat (D:2)
38 creatures vanquished.

Notes
Turn   | Place    | Note
-------+----------+-------------------------------------------
     0 | D:1      | grimtooth the Kobold Enchanter began the quest for the Orb.
     0 | D:1      | Reached XP level 1. HP: 10/10 MP: 3/3
   257 | D:1      | Reached XP level 2. HP: 15/15 MP: 5/5
  1145 | D:1      | Reached XP level 3. HP: 19/19 MP: 6/6
  1556 | D:2      | Noticed Natasha
  1558 | D:2      | Killed Natasha
  1585 | D:2      | Learned a level 3 spell: Confusing Touch
  1588 | D:2      | Learned a level 2 spell: Ensorcelled Hibernation
  1631 | D:2      | Reached XP level 4. HP: 24/24 MP: 7/7
  1717 | D:2      | Reached skill level 5 in Stealth
  1903 | D:2      | Found a faded altar of an unknown god.
  1972 | D:2      | Noticed Natasha
  1995 | D:2      | - dammit
  2002 | D:2      | Killed from afar by Natasha

Illustrated notes

#..##.##.# #.#
.....##
#..#.♣.#.###.#
g###...
#..##.##.....#
#..#
#.#..#..######
###..#
#.#....##
.....#
#.#...##
#.##.#
###†#.#### #.
#.# #....#....
#.#
#.#.#.#####
#.. #.#...).#
### #...5@#.#
#####h#.#
....# .....#
#....#.


Turn 1995 on D:2: - dammit

Levels and vault maps discovered:
D:1:      pf_arrival_petrified_forest, layout_loops_ring, minmay_vboxes
D:2:      layout_loops_ring, chequers_ecumenical_altar_simple_redux,
          minmay_strange_pillars, grunt_decor_one_mirror, minmay_tromino_mix6,
          uniq_natasha

Skill      XL: |  1  2  3  4 |
---------------+-------------+-----
Hexes          | 4 |  4.4
Stealth        | 5 |  5.2
Short Blades   | |  1.3
Dodging        | |  2.4
Spellcasting   | |  2.1

Action                   |  1- 3 |  4- 6 || total
-------------------------+-------+-------++-------
Melee: Dagger            |    72 |    58 ||   130
 Cast: Corona            |    14 |     8 ||    22
       Ensorcelled Hiber |       |     4 ||     4
  Use: Scroll            |       |     4 ||     4
       Potion            |       |     2 ||     2
 Stab: Sleeping          |    14 |    10 ||    24
Armor: Robe              |     6 |    10 ||    16
Dodge: Dodged            |    30 |    45 ||    75
Block: Other             |    16 |    12 ||    28
